 Dungeon Crawl Stone Soup version 0.31-a0-1227-g0136665373 (webtiles) character file.

Game seed: 16322660253674323253

124 LeprechaunX the Changeling (level 5, -4/35 HPs)
             Began as an Octopode Shapeshifter on Dec 14, 2023.
             Slain by an ogre
             ... wielding a +0 giant club
              (37 damage)
             ... on level 4 of the Dungeon.
             The game lasted 00:02:32 (2837 turns).

LeprechaunX the Changeling (Octopode Shapeshifter)  Turns: 2837, Time: 00:02:33

Health: -4/35      AC:  1    Str: 15    XL:     5   Next: 8%
Magic:  5/5        EV: 13    Int: 12    God:
Gold:   162        SH:  0    Dex: 12    Spells: 4/4 levels left

rFire   . . .        d - +2 dagger (speed)
rCold   . . .        (no shield)
rNeg    . . .        (helmet currently unavailable)
rPois   .            (no amulet)
rElec   .            (no ring)
rCorr   .            (no ring)
SInv    .            (no ring)
Will    .....        (no ring)
Stlth   ++           (no ring)
HPRegen 0.25/turn    (no ring)
MPRegen 0.09/turn    (no ring)
                     (no ring)

%: no passive effects
@: beast-form
A: beast (slay +2), almost no armour, amphibious, 8 rings, camouflage 1,
gelatinous body 1, (nimble swimmer 1), tentacles
a: Begin Untransformation


You were on level 4 of the Dungeon.
You were a hulking beast.
You visited 1 branch of the dungeon, and saw 4 of its levels.

You collected 162 gold pieces.

Inventory:

Hand Weapons
 d - a +2 dagger of speed (weapon)
 g - a +0 sling
Missiles
 q - a throwing net
Armour
 t - an orb of wrath
Talismans
 b - a beast talisman
 c - a flux talisman
Scrolls
 e - a scroll of poison {unknown}
 f - 6 scrolls of identify {unknown}
 i - a scroll of fear {unknown}
 k - a scroll of teleportation {unknown}
 m - a scroll of enchant weapon {unknown}
 n - a scroll of enchant armour {unknown}
 p - a scroll of amnesia {unknown}
 r - a scroll of blinking {unknown}
Potions
 a - a potion of lignification
 h - a potion of attraction {unknown}
 j - 3 potions of curing {unknown}
 l - a potion of degeneration {unknown}
 o - a potion of resistance {unknown}
 s - a potion of ambrosia {unknown}


   Skills:
 + Level 2.3 Fighting
 - Level 2.0 Dodging
 + Level 3.8 Unarmed Combat
 * Level 4.3 Shapeshifting


You had 4 spell levels left.
You didn't know any spells.
Your spell library contained the following spells:

 Spells                   Type           Power      Damage    Failure   Level
 Apportation              Tloc           0%         N/A       32%         1
 Jinxbite                 Hex            0%         N/A       45%         2
 Scorch                   Fire           0%         2d5       45%         2
 Ozocubu's Armour         Ice            0%         N/A       69%         3
 Flame Wave               Conj/Fire      0%         2d4       97%         4
 Alistair's Intoxication  Tmut/Pois      0%         N/A       100%        5
 Summon Cactus Giant      Summ           0%         N/A       100%        6
 Ozocubu's Refrigeration  Ice            0%         4d7       100%        7


Dungeon Overview and Level Annotations

Branches:
Dungeon (4/15)
 Temple: D:4-7

Altars:

Shops:
D:1 *


Innate Abilities, Weirdness & Mutations

You are a hulking beast.
Your limbs bulge with bestial killing power. (Slay +2)
You cannot wear most types of armour.
You are amphibious.
You can wear up to eight rings at the same time.
Your skin changes colour to match your surroundings (Stealth+).
Your rubbery body absorbs attacks. (AC +1, EV +1)
((You are camouflaged when in or above water. (Stealth+)))
You have tentacles for arms and can constrict up to eight enemies at once.


Message History

Done exploring.
Done exploring.
No target in view!
No target in view!
No target in view!
Done exploring.
Done exploring.
Done exploring.
Done exploring.
Search for what [Enter for "."]? .
There is an open door here.
There is an open door here.
There is an open door here.
There is an open door here.
You see here an orb of wrath.
t - an orb of wrath As you open the door, it creaks loudly!
There is an open door here.
You open the door.
There is an open door here.
There is an open door here.
There is a stone staircase leading down here.
Unknown command.
You climb downwards.
You hear the hiss of flowing sand.
There is an entrance to an ossuary on this level.
Hurry and find it before the portal is buried!
The ogre shouts!
The jackal barks! x4; You hear a shout!
You hear an angry hiss.
There is a stone staircase leading up here.
You hit the jackal. You grab the jackal. You squeeze the jackal.
You kill the jackal!
You puncture the jackal!
You kill the jackal!
You puncture the ogre!
Your tentacle-slap misses the ogre.
The ogre is moderately wounded.
The jackal bites you. The jackal barely misses you.
An orc comes into view. It is wielding a +0 flail.
The ogre hits you with a +0 giant club!!!
Ouch! That really hurt!
You die...

.. #### . ....
o# ... ..# #..
#.# .###..#
#..#
......†#O.#
......hh..#
....#.h.†..# .
#..........
#.........##
...#.......#
#...##...#....
##. #.....##.
## #....##


You could see an ogre, an orc and 2 jackals.

Vanquished Creatures
  Jessica (D:2)
  A gnoll (D:3)
  2 adders (D:2)
  2 worms (D:2)
  2 dart slugs
  2 orcs (D:3)
  2 bats (D:2)
  5 endoplasms
  3 giant cockroaches
  5 hobgoblins
  7 jackals
  2 quokkas
  3 ball pythons
  5 frilled lizards
  A goblin (D:1)
  9 kobolds
  5 rats
57 creatures vanquished.

Notes
Turn   | Place    | Note
-------+----------+-------------------------------------------
     0 | D:1      | LeprechaunX the Octopode Shapeshifter began the quest for
                  | the Orb.
     0 | D:1      | Reached XP level 1. HP: 13/13 MP: 1/1
    94 | D:1      | Reached XP level 2. HP: 18/18 MP: 2/2
   300 | D:1      | Reached XP level 3. HP: 17/23 MP: 3/3
   485 | D:1      | Found Fiamnet's Assorted Antiques.
   629 | D:1      | Found a faded altar of an unknown god.
   937 | D:2      | Noticed Jessica
   951 | D:2      | Killed Jessica
   952 | D:2      | Reached skill level 4 in Shapeshifting
   952 | D:2      | Reached XP level 4. HP: 16/29 MP: 4/4
  2031 | D:3      | Reached XP level 5. HP: 34/34 MP: 5/5
  2834 | D:4      | Noticed an ogre
  2837 | D:4      | Slain by an ogre

Illustrated notes

Levels and vault maps discovered:
D:1:      eino_arrival_druids_welcome, layout_basic,
          shapermc_ecumenical_altar_hornbeckon, serial_shops, shop
D:2:      layout_loops_ring, st_stairs_6, nicolae_figureground_pulse,
          uniq_jessica
D:3:      layout_loops_corners, minmay_misc_feat_four_crosses,
          minmay_randomly_rotated_circles
D:4:      cheibrodos_fertilizer, layout_layer_cave, gup_ossuary_entry_pyramid,
          uniq_eustachio, uniq_ijyb, uniq_natasha

Skill      XL: |  1  2  3 |
---------------+----------+-----
Fighting       | 2 |  2.3
Shapeshifting  | 4 |  4.3
Dodging        | |  2.0
Unarmed Combat | |  3.8

Action                     |  1- 3 |  4- 6 || total
---------------------------+-------+-------++-------
  Melee: Unarmed           |     8 |       ||     8
         Tentacles         |    12 |     9 ||    21
         Constrict         |    13 |    11 ||    24
         Dagger            |    58 |    35 ||    93
         Punch             |     1 |     3 ||     4
   Stab: Sleeping          |     6 |     4 ||    10
 Armour: Skin              |    21 |    13 ||    34
  Dodge: Dodged            |    22 |    10 ||    32

Table legend: (Time is in decaauts)
 A = Elapsed time spent in this place.
 B = Non-inter-level travel time spent in this place.
 C = Inter-level travel time spent in this place.
 D = Time resting spent in this place.
 E = Time spent auto-exploring this place.
 F = Levels seen in this place.
 G = Mean time per level.
                   A        B        C        D        E       F      G
               +--------+--------+--------+--------+--------+-----+--------+
         Total |   2810 |   2525 |    285 |      0 |   2186 |   4 |  702.5 |
       Dungeon |   2810 |   2525 |    285 |      0 |   2186 |   4 |  702.5 |
               +--------+--------+--------+--------+--------+-----+--------+

Top non-repeatable levels by time:
     D:3: 1115 daAuts
     D:2: 946 daAuts
     D:1: 746 daAuts
     D:4: 2 daAuts
